 Dungeon Crawl Stone Soup version 0.21.1-1-g345015f (webtiles) character file.

6830 wilfster70 the Thaumaturge (level 11, -1/81 HPs)
             Began as a Gnoll Wizard on July 24, 2018.
             Was a Priest of Vehumet.
             Slain by a yak (9 damage)
             ... on level 1 of the Lair of Beasts on July 26, 2018.
             The game lasted 01:03:04 (14280 turns).

wilfster70 the Thaumaturge (Gnoll Wizard)          Turns: 14280, Time: 01:03:05

Health: -1/81      AC:  8    Str: 10    XL:     11   Next: 5%
Magic:  24/24      EV: 14    Int: 24    God:    Vehumet [***...]
Gold:   490        SH:  7    Dex: 13    Spells: 17/28 levels left

rFire    + . .     SeeInvis .   b - +8 autumn katana {slice, Clar}
rCold    + + .     Gourm    .   i - +2 buckler
rNeg     . . .     Faith    .   j - +0 ring mail
rPois    .         Spirit   .   B - +0 hat
rElec    .         Reflect  .   y - scarf {rC+ rF+}
rCorr    .         Harm     .   k - +0 pair of gloves
MR       .....     Clarity  +   (no boots)
Stlth    +++.......             (no amulet)
HPRegen  0.23/turn              m - +1 ring of protection
MPRegen  0.19/turn              u - ring of protection from cold

@: no status effects
A: distributed training, fangs 1, strong nose
a: Renounce Religion


You were on level 1 of the Lair of Beasts.
You worshipped Vehumet.
Vehumet was most pleased with you.
You were not hungry.

You visited 3 branches of the dungeon, and saw 12 of its levels.

You collected 490 gold pieces.

Inventory:

Hand Weapons
 a - a +2 dagger of venom
 b - the +8 autumn katana (weapon) {slice, Clar}
   (You found it on level 8 of the Dungeon)

   It inflicts extra damage upon your enemies.
   It protects you against confusion.
 s - a +1 short sword of holy wrath
 w - a +3 morningstar of protection
Missiles
 f - 175 stones (quivered)
 F - 6 javelins
Armour
 i - a +2 buckler (worn)
 j - a +0 ring mail (worn)
 k - a +0 pair of gloves (worn)
 x - a +2 robe
 y - a scarf of resistance (worn)
 B - a +0 hat (worn)
Jewellery
 m - a +1 ring of protection (left hand)
 u - a ring of protection from cold (right hand)
Wands
 c - a wand of disintegration (13)
 g - a wand of acid (5)
 r - a wand of iceblast (12)
Scrolls
 e - 3 scrolls of remove curse
 n - 4 scrolls of teleportation
 p - a scroll of identify
 E - 3 scrolls of immolation
 H - a scroll of fear
Potions
 h - a potion of lignification
 l - 2 potions of agility
 o - 2 potions of brilliance
 q - 4 potions of mutation
 v - 2 potions of heal wounds
 z - 3 potions of resistance
 C - 2 potions of flight
Books
 t - a book of Clouds

   Spells                             Type                      Level
   a - Poisonous Vapours              Poison/Air                   2
   b - Mephitic Cloud                 Conjuration/Poison/Air       3
   c - Conjure Flame                  Conjuration/Fire             3
   d - Freezing Cloud                 Conjuration/Ice/Air          6
   e - Ring of Flames                 Charms/Fire                  7
Comestibles
 d - 16 rations
 A - 3 chunks of flesh


   Skills:
 + Level 5.8 Fighting
 + Level 5.8 Short Blades
 + Level 5.8 Long Blades
 + Level 5.8 Axes
 + Level 5.8 Maces & Flails
 + Level 5.8 Polearms
 + Level 5.8 Staves
 + Level 5.8 Slings
 + Level 5.8 Bows
 + Level 5.8 Crossbows
 + Level 5.8 Throwing
 + Level 5.8 Armour
 + Level 7.4 Dodging
 + Level 7.2 Stealth
 + Level 5.8 Shields
 + Level 5.8 Unarmed Combat
 + Level 9.3 Spellcasting
 + Level 5.3 Conjurations
 + Level 4.8 Hexes
 + Level 4.8 Charms
 + Level 5.3 Summonings
 + Level 4.8 Necromancy
 + Level 5.3 Translocations
 + Level 4.8 Transmutations
 + Level 4.8 Fire Magic
 + Level 4.8 Ice Magic
 + Level 4.8 Air Magic
 + Level 4.8 Earth Magic
 + Level 4.8 Poison Magic
 + Level 6.3 Invocations
 + Level 5.8 Evocations


You had 17 spell levels left.
You knew the following spells:

 Your Spells              Type           Power        Failure   Level  Hunger
a - Magic Dart            Conj           ####         1%          1    None
b - Call Imp              Summ           #####...     2%          2    None
c - Conjure Flame         Conj/Fire      #####...     1%          3    None
d - Mephitic Cloud        Conj/Pois/Air  #####...     1%          3    None
g - Blink                 Tloc           N/A          2%          2    None


Dungeon Overview and Level Annotations

Branches:
Dungeon (10/15)            Temple (1/1) D:4            Lair (1/6) D:9
    Orc: D:9-12

Altars:
Ashenzari
Cheibriados
Dithmenos
Elyvilon
Fedhas
Gozag
Hepliaklqana
Kikubaaqudgha
Makhleb
Nemelex Xobeh
Okawaru
Qazlal
Ru
Sif Muna
Trog
Uskayaw
Vehumet
Wu Jian
Xom
Yredelemnul
Zin
The Shining One

Shops:
D:4 (   D:6 (

Annotations:
D:4 timruff's ghost, amateur BaBe


Innate Abilities, Weirdness & Mutations

Your experience applies equally to all skills.
You have very sharp teeth.
Your uncanny sense of smell can sniff out nearby items.


Message History

The yak gores you.
* * * LOW HITPOINT WARNING * * *
The yak misses you.
You riposte.
You hit the yak but do no damage.
The yak is severely wounded.
You slash the yak!
You kill the yak!
Vehumet accepts your kill. The yak gores you.
* * * LOW HITPOINT WARNING * * *
You barely miss the yak. The yak completely misses you.
You riposte.
You slash the yak!
The yak is moderately wounded.
You hit the yak but do no damage.
The yak is moderately wounded.
The yak gores you!
* * * LOW HITPOINT WARNING * * *
You slash the yak!
The yak is heavily wounded.
The yak gores you!
You die...

..#.##..####
.............
............
...........
...........#
...........#
...........######
...............Y@†#
..................#
.....Y........#####
Y............##
.............## ##
.............P##.###
...................#
...................#
#####..####.......##


You could see a yak.

Vanquished Creatures
  The ghost of Jaiteiro the Slinger, a novice HaFi of Okawaru (D:8)
  Maurice (D:8)
  A troll (D:9)
  Prince Ribbit (D:5)
  Grinder (D:5)
  A hippogriff (D:6)
  A hog (D:7)
  7 yaks
  2 basilisks (D:9)
  A human (D:7)
  Grum (D:9)
  4 orc warriors
  2 sky beasts
  An ice beast (D:6)
  A black bear (D:8)
  3 phantoms
  7 ogres
  A necrophage (D:9)
  2 wolves
  2 centaurs
  4 bullfrogs
  2 scorpions (D:5)
  5 howler monkeys
  2 crimson imps (D:6)
  7 jellies
  A bullfrog zombie (D:7)
  4 hounds
  A quasit (D:6)
  4 orc priests
  6 orc wizards
  A bullfrog skeleton (D:9)
  Jessica (D:3)
  5 worker ants
  A killer bee zombie (D:8)
  2 hound zombies
  2 worker ant zombies (D:9)
  9 adders
  A howler monkey skeleton (D:5)
  2 shadow imps
  4 worms
  6 dart slugs
  3 leopard geckos
  25 orcs
  A ball python (D:5)
  5 giant cockroaches
  12 goblins
  12 hobgoblins
  8 jackals
  3 quokkas
  6 bats
  6 frilled lizards
  A jackal skeleton (D:5)
  7 kobolds
  8 rats
208 creatures vanquished.

Vanquished Creatures (collateral kills)
  An orc wizard (D:8)
  A giant cockroach (D:2)
  2 hobgoblins (D:2)
  3 jackals (D:2)
7 creatures vanquished.

Vanquished Creatures (others)
  A human (D:2)
1 creature vanquished.

Grand Total: 216 creatures vanquished

Notes
Turn   | Place    | Note
-------+----------+-------------------------------------------
     0 | D:1      | wilfster70 the Gnoll Wizard began the quest for the Orb.
     0 | D:1      | Reached XP level 1. HP: 13/13 MP: 8/8
   167 | D:1      | Reached XP level 2. HP: 19/19 MP: 0/10
   171 | D:1      | Learned a level 2 spell: Call Imp
   174 | D:1      | Learned a level 2 spell: Blink
   753 | D:1      | Reached XP level 3. HP: 25/25 MP: 9/11
  1257 | D:1      | Reached skill level 1 in Invocations
  1370 | D:1      | Reached skill level 1 in Fighting
  1370 | D:1      | Reached skill level 1 in Short Blades
  1370 | D:1      | Reached skill level 1 in Long Blades
  1370 | D:1      | Reached skill level 1 in Axes
  1370 | D:1      | Reached skill level 1 in Maces & Flails
  1370 | D:1      | Reached skill level 1 in Polearms
  1370 | D:1      | Reached skill level 1 in Staves
  1370 | D:1      | Reached skill level 1 in Slings
  1370 | D:1      | Reached skill level 1 in Bows
  1370 | D:1      | Reached skill level 1 in Crossbows
  1370 | D:1      | Reached skill level 1 in Throwing
  1370 | D:1      | Reached skill level 1 in Armour
  1370 | D:1      | Reached skill level 1 in Shields
  1370 | D:1      | Reached skill level 1 in Unarmed Combat
  1370 | D:1      | Reached skill level 1 in Evocations
  1370 | D:1      | Reached XP level 4. HP: 22/32 MP: 3/13
  1595 | D:2      | Found a faded altar of an unknown god.
  1806 | D:2      | Found a basalt altar of Yredelemnul.
  1811 | D:2      | Found a glowing golden altar of the Shining One.
  1870 | D:2      | Found an ancient bone altar of Kikubaaqudgha.
  1870 | D:2      | Noticed a human
  1874 | D:2      | Killed a human
  1888 | D:2      | Reached skill level 1 in Hexes
  1888 | D:2      | Reached skill level 1 in Charms
  1888 | D:2      | Reached skill level 1 in Necromancy
  1888 | D:2      | Reached skill level 1 in Transmutations
  1888 | D:2      | Reached skill level 1 in Fire Magic
  1888 | D:2      | Reached skill level 1 in Ice Magic
  1888 | D:2      | Reached skill level 1 in Air Magic
  1888 | D:2      | Reached skill level 1 in Earth Magic
  1888 | D:2      | Reached skill level 1 in Poison Magic
  2009 | D:2      | Found a deep blue altar of Sif Muna.
  2213 | D:2      | Found an iron altar of Okawaru.
  2213 | D:2      | Found an ornate altar of the Wu Jian Council.
  2213 | D:2      | Found an ancient bone altar of Kikubaaqudgha.
  2219 | D:2      | Found a shattered altar of Ashenzari.
  2219 | D:2      | Found a blossoming altar of Fedhas.
  2613 | D:3      | Reached XP level 5. HP: 37/37 MP: 4/14
  2687 | D:3      | Learned a level 3 spell: Conjure Flame
  3088 | D:3      | Found a shattered altar of Ashenzari.
  3138 | D:3      | Noticed Jessica
  3161 | D:3      | Killed Jessica
  3622 | D:4      | Noticed timruff's ghost (amateur BaBe)
  3820 | D:4      | Noticed an ogre
  3836 | D:5      | Entered Level 5 of the Dungeon
  4005 | D:5      | Noticed Grinder
  4006 | D:5      | Noticed an ogre
  4110 | D:5      | Noticed a phantom
  4637 | D:4      | Killed an ogre
  4637 | D:4      | Reached XP level 6. HP: 44/44 MP: 3/16
  4727 | D:4      | Learned a level 3 spell: Mephitic Cloud
  5036 | D:4      | Reached skill level 5 in Dodging
  5212 | D:4      | Found a staircase to the Ecumenical Temple.
  5216 | Temple   | Entered the Ecumenical Temple
  5226 | Temple   | Became a worshipper of Vehumet
  5569 | D:4      | Found Hoick's Antique Weapon Shoppe.
  5688 | D:5      | Reached XP level 7. HP: 50/50 MP: 7/18
  6001 | D:5      | Paralysed by Grinder for 2 turns
  6014 | D:5      | Paralysed by Grinder for 4 turns
  6360 | D:5      | Paralysed by Grinder for 3 turns
  6364 | D:5      | Killed Grinder
  6364 | D:5      | Reached skill level 5 in Stealth
  6416 | D:5      | Reached XP level 8. HP: 45/57 MP: 11/19
  6856 | D:5      | Noticed Prince Ribbit
  6868 | D:5      | Killed Prince Ribbit
  7016 | D:5      | Reached skill level 8 in Spellcasting
  7136 | D:5      | Found a burning altar of Makhleb.
  7595 | D:6      | Found a stormy altar of Qazlal.
  7639 | D:6      | Reached * piety under Vehumet
  7639 | D:6      | Offered knowledge of Shock by Vehumet.
  8194 | D:6      | Reached XP level 9. HP: 64/65 MP: 8/21
  8282 | D:6      | Found Muto's Antique Weapon Emporium.
  8298 | D:6      | Identified a scroll of acquirement
  9167 | D:7      | Found a sparkling altar of Nemelex Xobeh.
  9200 | D:7      | Found a sacrificial altar of Ru.
  9751 | D:7      | Offered knowledge of Throw Frost by Vehumet.
  9762 | D:7      | Found an opulent altar of Gozag.
  9777 | D:7      | Reached ** piety under Vehumet
 10049 | D:6      | Reached skill level 5 in Invocations
 10593 | D:7      | Reached XP level 10. HP: 73/73 MP: 9/22
 10730 | D:8      | Found the +8 autumn katana {slice, Clar}
 10882 | D:8      | Noticed Maurice
 11044 | D:8      | Killed Maurice
 11044 | D:8      | Reached skill level 5 in Fighting
 11044 | D:8      | Reached skill level 5 in Short Blades
 11044 | D:8      | Reached skill level 5 in Long Blades
 11044 | D:8      | Reached skill level 5 in Axes
 11044 | D:8      | Reached skill level 5 in Maces & Flails
 11044 | D:8      | Reached skill level 5 in Polearms
 11044 | D:8      | Reached skill level 5 in Staves
 11044 | D:8      | Reached skill level 5 in Slings
 11044 | D:8      | Reached skill level 5 in Bows
 11044 | D:8      | Reached skill level 5 in Crossbows
 11044 | D:8      | Reached skill level 5 in Throwing
 11044 | D:8      | Reached skill level 5 in Armour
 11044 | D:8      | Reached skill level 5 in Shields
 11044 | D:8      | Reached skill level 5 in Unarmed Combat
 11044 | D:8      | Reached skill level 5 in Evocations
 11130 | D:8      | Noticed Jaiteiro's ghost (novice HaFi)
 11148 | D:8      | Killed Jaiteiro's ghost
 11291 | D:8      | Reached skill level 9 in Spellcasting
 11663 | D:8      | Found a hazy altar of Hepliaklqana.
 12013 | D:9      | Noticed Grum
 12356 | D:9      | Killed Grum
 12356 | D:9      | Reached skill level 5 in Conjurations
 12356 | D:9      | Reached skill level 5 in Summonings
 12356 | D:9      | Reached skill level 5 in Translocations
 12521 | D:9      | Found a staircase to the Lair.
 12521 | D:9      | Noticed an elephant
 13260 | D:9      | Offered knowledge of Throw Flame by Vehumet.
 13693 | D:10     | Entered Level 10 of the Dungeon
 13715 | D:10     | Reached *** piety under Vehumet
 14092 | Lair:1   | Entered Level 1 of the Lair of Beasts
 14145 | D:9      | Reached XP level 11. HP: 53/81 MP: 24/24
 14280 | Lair:1   | Slain by a yak

Skill      XL: |  1  2  3  4  5  6  7  8  9 10 |
---------------+-------------------------------+-----
Conjurations   | 2 3 4 5 |  5.3
Summonings     | 2 3 4 5 |  5.3
Translocations | 2 3 4 5 |  5.3
Invocations    | 1 2 3 4 5 6 |  6.3
Fighting       | 1 2 3 4 5 |  5.8
Short Blades   | 1 2 3 4 5 |  5.8
Long Blades    | 1 2 3 4 5 |  5.8
Axes           | 1 2 3 4 5 |  5.8
Maces & Flails | 1 2 3 4 5 |  5.8
Polearms       | 1 2 3 4 5 |  5.8
Staves         | 1 2 3 4 5 |  5.8
Slings         | 1 2 3 4 5 |  5.8
Bows           | 1 2 3 4 5 |  5.8
Crossbows      | 1 2 3 4 5 |  5.8
Throwing       | 1 2 3 4 5 |  5.8
Armour         | 1 2 3 4 5 |  5.8
Shields        | 1 2 3 4 5 |  5.8
Unarmed Combat | 1 2 3 4 5 |  5.8
Evocations     | 1 2 3 4 5 |  5.8
Hexes          | 1 2 3 4 |  4.8
Charms         | 1 2 3 4 |  4.8
Necromancy     | 1 2 3 4 |  4.8
Transmutations | 1 2 3 4 |  4.8
Fire Magic     | 1 2 3 4 |  4.8
Ice Magic      | 1 2 3 4 |  4.8
Air Magic      | 1 2 3 4 |  4.8
Earth Magic    | 1 2 3 4 |  4.8
Poison Magic   | 1 2 3 4 |  4.8
Dodging        | 5 6 7 |  7.4
Stealth        | 5 6 7 |  7.2
Spellcasting   | 8 9 |  9.3

Action                   |  1- 3 |  4- 6 |  7- 9 | 10-12 || total
-------------------------+-------+-------+-------+-------++-------
Melee: Dagger            |    14 |    40 |     1 |     1 ||    56
       Bite              |     4 |     4 |     4 |    15 ||    27
       Unarmed           |       |     3 |       |       ||     3
       War axe           |       |    38 |     5 |       ||    43
       Morningstar       |       |       |    29 |       ||    29
       Katana            |       |       |       |   121 ||   121
 Cast: Magic Dart        |    74 |   208 |   399 |   120 ||   801
       Call Imp          |     1 |     2 |       |     6 ||     9
       Conjure Flame     |       |     3 |    17 |     3 ||    23
       Blink             |       |     2 |     4 |     2 ||     8
  Use: Scroll            |       |     7 |    14 |     3 ||    24
       Potion            |       |     1 |     3 |       ||     4
 Stab: Sleeping          |     1 |     2 |       |     1 ||     4
  Eat: Chunk             |     1 |    14 |    14 |     6 ||    35
       Ration            |       |       |       |     2 ||     2
Armor: Robe              |     5 |    29 |    14 |       ||    48
       Ring mail         |       |       |    44 |    42 ||    86
Dodge: Dodged            |    31 |    88 |   106 |    80 ||   305
Block: Buckler           |    13 |    46 |    67 |    47 ||   173
       Rpst.: Katana     |       |       |       |    22 ||    22
